 Dungeon Crawl Stone Soup version 0.26.1-11-gd32895ea62 (webtiles) character file.

Game seed: 11103782577408327183

156 kodamatunes15 the Slasher (level 5, -1/42 HPs)
             Began as a Human Berserker on May 3, 2021.
             Was a Believer of Trog.
             Succumbed to a kobold's poison
             ... on level 3 of the Dungeon.
             The game lasted 00:14:36 (1629 turns).

kodamatunes15 the Slasher (Human Berserker)         Turns: 1629, Time: 00:14:36

Health: -1/42      AC: 13    Str: 17    XL:     5   Next: 65%
Magic:  5/5        EV:  5    Int:  9    God:    Trog [**....]
Gold:   118        SH:  0    Dex: 12    Spells: 4/4 levels left

rFire    . . .     SeeInvis .   a - +1 falchion
rCold    . . .     Faith    .   (no shield)
rNeg     . . .     Spirit   .   k - +1 plate armour
rPois    .         Reflect  .   (no helmet)
rElec    .         Harm     .   m - +0 cloak
rCorr    .         Rampage  .   (no gloves)
Will     .....                  (no boots)
Stlth    ..........             (no amulet)
HPRegen  0.14/turn              (no ring)
MPRegen  0.09/turn              (no ring)

@: lethally poisoned (-1 -> -31)
A: no striking features
a: Renounce Religion, Berserk, Trog's Hand


You were on level 3 of the Dungeon.
You worshipped Trog.
Trog was pleased with you.
You visited 1 branch of the dungeon, and saw 3 of its levels.

You collected 118 gold pieces.

Inventory:

Hand Weapons
 a - a +1 falchion (weapon)
Missiles
 g - 24 arrows
 i - 68 stones
Armour
 b - a +0 animal skin
 k - a +1 plate armour (worn)
 m - a +0 cloak (worn)
Scrolls
 h - a scroll of remove curse
 n - a scroll of teleportation
Potions
 c - a potion of curing
 d - a potion of might
 e - 2 potions of degeneration
 f - a potion of heal wounds {unknown}
 j - a potion of lignification {unknown}
 l - a potion of haste {unknown}


   Skills:
 + Level 4.0 Fighting
 + Level 4.7 Long Blades
 + Level 2.3 Armour
 + Level 2.6 Dodging
 + Level 0.3 Stealth


You had 4 spell levels left.
You didn't know any spells.
Your spell library was empty.

Dungeon Overview and Level Annotations

Branches:
Dungeon (3/15)

Altars:
Qazlal
Ru


Message History

Trog accepts your kill.
You slash the scorpion!
The scorpion is almost dead.
* * * LOW HITPOINT WARNING * * *
You feel very sick.
The scorpion stings you but does no damage.
You hit the scorpion.
You kill the scorpion!
Trog accepts your kill.
* * * LOW HITPOINT WARNING * * *
You feel very sick.
Your Fighting skill increases to level 4!
* * * LOW HITPOINT WARNING * * *
You feel very sick.
Things that are here:
a +0 dagger; 3 poisoned darts; a kobold corpse
* * * LOW HITPOINT WARNING * * *
You feel very sick.
You see here 9 gold pieces.
You die...

. ....>...S....... .
..............$.....# .
....................#
....$..)............#
....................#
....................#
........(....$......#
.......<............#
.............@......#
.....B........$.....#
..............).(...#
...............(....# ##
...................(####### #.
..........................###.
....................#####.#)..
..................#.#.#.
........>....... #.#.#.


There were no monsters in sight!

Vanquished Creatures
  A scorpion (D:3)
  An orc wizard (D:2)
  2 adders
  2 oozes (D:1)
  A worm (D:2)
  4 dart slugs
  A ball python (D:2)
  6 giant cockroaches
  4 goblins
  4 hobgoblins
  6 bats
  3 frilled lizards
  4 kobolds
  6 rats
45 creatures vanquished.

Notes
Turn   | Place    | Note
-------+----------+-------------------------------------------
     0 | D:1      | kodamatunes15 the Human Berserker began the quest for the
                  | Orb.
     0 | D:1      | Reached XP level 1. HP: 18/18 MP: 1/1
   179 | D:1      | Reached XP level 2. HP: 22/24 MP: 2/2
   363 | D:1      | Reached XP level 3. HP: 7/29 MP: 3/3
   465 | D:1      | Reached ** piety under Trog
   762 | D:2      | Found a stormy altar of Qazlal.
  1197 | D:2      | Reached XP level 4. HP: 36/36 MP: 4/4
  1207 | D:2      | Found a sacrificial altar of Ru.
  1382 | D:3      | Reached XP level 5. HP: 39/42 MP: 5/5
  1628 | D:3      | HP: 1/42 [poisoned by a kobold]
  1629 | D:3      | Succumbed to a kobold's poison

Illustrated notes

Levels and vault maps discovered:
D:1:      matt_arrival_grand_opening, layout_loops_ring
D:2:      layout_rooms, nicolae_ru_great_annihilating_truth,
          nicolae_qazlal_general_emergency
D:3:      layout_basic

Skill      XL: |  1  2  3  4  5 |
---------------+----------------+-----
Long Blades    | 4 |  4.7
Fighting       | 4 |  4.0
Armour         | |  2.3
Dodging        | |  2.6
Stealth        | |  0.3

Action                   |  1- 3 |  4- 6 || total
-------------------------+-------+-------++-------
Melee: Falchion          |    89 |    46 ||   135
  Use: Scroll            |    10 |     2 ||    12
 Stab: Paralysed         |       |     1 ||     1
Armor: Animal skin       |    13 |       ||    13
       Plate armour      |     5 |    40 ||    45
Dodge: Dodged            |    58 |    15 ||    73
       Rpst.: Falchion   |    18 |     4 ||    22
